 Dungeon Crawl Stone Soup version 0.30-a0-723-gc1506a1cf0 (webtiles) character file.

Game seed: 915125807733476958

44760 ASSMAN the Impaler (level 14, 0/116 HPs)
             Began as a Merfolk Berserker on Jan 28, 2023.
             Was a High Priest of Trog.
             Slain by a catoblepas (5 damage)
             ... while petrified by a catoblepas
             ... on level 5 of the Lair of Beasts.
             The game lasted 00:22:59 (17768 turns).

ASSMAN the Impaler (Merfolk Berserker)             Turns: 17768, Time: 00:23:00

Health: 0/116      AC: 16    Str: 22    XL:     14   Next: 30%
Magic:  4/4        EV:  2    Int:  6    God:    Trog [*****.]
Gold:   898        SH:  0    Dex: 16    Spells: 13/13 levels left

rFire   . . .      SeeInvis .    U - +4 glaive (antimagic)
rCold   + . .      Faith    .    (shield currently unavailable)
rNeg    + + +      Spirit   .    x - +0 swamp dragon scales
rPois   ∞          Reflect  .    y - +1 helmet "Qaunuah" {Rampage rPois Dex+2 Stlth-}
rElec   .          Harm     .    c - +1 cloak {rC+}
rCorr   +          Rampage  +    A - +0 pair of gloves
Will    +....                    (no boots) Stlth
                                 (no amulet)
HPRegen 0.39/turn                d - +4 ring of slaying
MPRegen 0.09/turn                N - ring of resist corrosion

@: petrified, on berserk cooldown, slowed
A: (nimble swimmer 2), mertail
a: Renounce Religion, Berserk, Trog's Hand, Brothers in Arms


You were on level 5 of the Lair of Beasts.
You worshipped Trog.
Trog was extremely pleased with you.
You visited 2 branches of the dungeon, and saw 18 of its levels.
You also visited: Ice Cave.

You collected 1240 gold pieces.
You spent 342 gold pieces at shops.

Inventory:

Hand Weapons
 l - the +2 whip of Premature Burial {vamp, rElec rPois Will+}
   (You found it on level 2 of the Dungeon)

   rElec:     It insulates you from electricity.
   rPois:     It protects you from poison.
   Will:      It increases your willpower.
 n - the +11 spear "Necvumenk" {elec, Stlth+}
   (You found it on level 3 of the Dungeon)

   Stlth:     It makes you more stealthy.
 U - a +4 antimagic glaive (weapon)
Missiles
 k - 9 boomerangs (quivered)
 F - a throwing net
Armour
 c - a +1 cloak of cold resistance (worn)
 x - +0 swamp dragon scales (worn)
 y - the +1 helmet "Qaunuah" (worn) {Rampage rPois Dex+2 Stlth-}
   (You bought it in a shop on level 8 of the Dungeon)

   Dex:       It affects your dexterity (+2).
   rPois:     It protects you from poison.
   Rampage:   It bestows one free step when moving towards enemies.
   Stlth:     It makes you less stealthy.
 A - a +0 pair of gloves (worn)
 G - a +1 robe of cold resistance
 I - a +0 tower shield of cold resistance
Magical Staves
 H - a staff of cold
Jewellery
 d - a +4 ring of slaying (left hand)
 t - a ring of ice
 N - a ring of resist corrosion (right hand)
Wands
 b - a wand of paralysis (33)
 v - a wand of light (10)
 B - a wand of digging (9)
 O - a wand of flame (24)
 R - a wand of iceblast (8)
 T - a wand of mindburst (8)
Scrolls
 f - 3 scrolls of enchant weapon
 i - 2 scrolls of enchant armour
 j - 7 scrolls of teleportation
 u - 2 scrolls of fear
 z - 3 scrolls of magic mapping
 D - a scroll of summoning
 E - 2 scrolls of blinking
 M - 3 scrolls of amnesia
Potions
 a - 8 potions of curing
 e - 3 potions of haste
 o - 4 potions of flight
 p - 4 potions of invisibility {unknown}
 r - a potion of berserk rage {unknown}
 C - 4 potions of heal wounds
 J - 4 potions of brilliance {unknown}
 K - a potion of might
 P - 2 potions of magic
 Q - a potion of resistance {unknown}
 S - a potion of cancellation {unknown}
 W - 2 potions of ambrosia {unknown}


   Skills:
 + Level 12.6 Fighting
 - Level 20.0 Polearms
 + Level 8.8 Armour
 + Level 14.5 Dodging


You had 13 spell levels left.
You didn't know any spells.
Your spell library contained the following spells:

 Spells                   Type           Power      Damage    Failure   Level
 Kiss of Death            Conj/Necr      0%         2d5       58%         1
 Lesser Beckoning         Tloc           0%         N/A       73%         2
 Confusing Touch          Hex            0%         N/A       91%         3
 Dazzling Flash           Conj/Hex       0%         N/A       91%         3
 Gell's Gravitas          Tloc           0%         N/A       91%         3
 Ignite Poison            Fire/Tmut/Pois 0%         N/A       91%         3
 Kindle Blastsparks       Fire/Tloc/Air  0%         2d10      91%         3
 Teleport Other           Tloc           0%         N/A       91%         3
 Dispel Undead            Necr           0%         3d6       100%        4
 Iskenderun's Mystic Bla  Conj/Tloc      0%         2d3       100%        4
 Freezing Cloud           Conj/Ice/Air   0%         6-21      100%        5
 Dispersal                Tloc           0%         N/A       100%        6
 Starburst                Conj/Fire      0%         6d3       100%        6


Dungeon Overview and Level Annotations

Branches:
Dungeon (13/15)            Temple (0/1) D:7            Lair (5/5) D:8
  Swamp (0/4) Lair:2       Spider (0/4) Lair:2          Orc (0/2) D:12
 Vaults (0/5) D:13          IceCv (visited)
  Slime: Lair:4-5

Altars:
Ashenzari
Cheibriados
Dithmenos
Hepliaklqana
Okawaru
Wu Jian
Xom
Zin

Shops:
D:5 (   D:7 [   D:8 [

Annotations:
D:5 2 transporters, Hamu's ghost, novice GnWn


Innate Abilities, Weirdness & Mutations

((You are very nimble when in or above water. (Stealth+, EV+, Speed+++)))
Your lower body shifts to a powerful aquatic tail in water.


Message History

* * * LOW HITPOINT WARNING * * *
You slash the catoblepas!
The catoblepas is severely wounded.
You are engulfed in calcifying dust.
You are slowing down.
The catoblepas gores you!!
* * * LOW HITPOINT WARNING * * *
The blink frog is engulfed in calcifying dust.
The blink frog is moving more slowly.
The blink frog hits you.
* * * LOW HITPOINT WARNING * * *
The blink frog blinks!
You hit the catoblepas but do no damage.
The catoblepas is severely wounded.
The catoblepas gores you but does no damage.
Your limbs are stiffening.
You slash the catoblepas!
The catoblepas is almost dead.
The blink frog's magic is no longer disrupted.
The blink frog is no longer petrified.
The blink frog is engulfed in calcifying dust.
The blink frog is moving more slowly.
The blink frog blinks!
The catoblepas gores you but does no damage.
You completely miss the catoblepas.
The catoblepas is almost dead.
You have turned to stone.
You are no longer berserk.
You feel yourself slow down.
The blink frog blinks!
The catoblepas breathes a plume of calcifying dust at you.
The blast of calcifying dust hits you.
* * * LOW HITPOINT WARNING * * *
The blink frog blinks!
You are engulfed in calcifying dust.
The catoblepas gores you!
* * * LOW HITPOINT WARNING * * *
You are engulfed in calcifying dust.
The blink frog is no longer petrified.
The blink frog hits you!
* * * LOW HITPOINT WARNING * * *
The blink frog hits you!
* * * LOW HITPOINT WARNING * * *
The blink frog blinks!
The blink frog hits you. The catoblepas gores you!
You die...

#......?#
##.F.....####
##............
#............
#..F........
##..†......#
#P..†.....#
#.....FY§.#
##....F@..#
#....§.§..#
##.....§..##
#........P##
##........P#
#.........#
#.......P##
###........#
#......†..## .


You could see a catoblepas and 4 blink frogs.

Vanquished Creatures
  A reaper (IceCv)
  Snorg (D:13)
  4 hydras
  Erica (D:11)
  5 two-headed ogres
  3 boulder beetles
  2 death yaks (Lair:4)
  An orb spider (Lair:2)
  A bog body (Lair:2)
  A cyclops (D:12)
  2 manticores
  6 elephants (Lair:4)
  A torpor snail (Lair:4)
  3 black mambas
  6 cane toads
  2 gargoyles
  3 ice statues
  Maggie (D:7)
  2 unseen horrors
  4 rime drakes
  3 kobold demonologists
  2 komodo dragons
  6 ice devils (IceCv)
  3 anaconda simulacra (IceCv)
  2 polar bears
  A hornet (D:6)
  5 blink frogs
  Sigmund (D:6)
  7 dream sheep (Lair:5)
  5 slime creatures (D:12)
  A dire elephant simulacrum (IceCv)
  A basilisk (Lair:4)
  7 wraiths
  39 yaks
  4 wyverns
  3 steam dragons
  A human (D:13)
  2 death yak simulacra (IceCv)
  A warg (D:12)
  2 swamp worms (Lair:2)
  10 water moccasins
  Duvessa (D:7)
  5 sky beasts
  2 black bears
  3 orc warriors
  An ice beast (D:7)
  An ogre (D:5)
  18 wolves (Lair:2)
  4 centaurs
  2 phantoms (D:5)
  2 kobold brigands
  9 bullfrogs
  A gnoll sergeant (D:9)
  3 two-headed ogre simulacra (IceCv)
  Dowan (D:7)
  8 wights
  2 elephant simulacra (IceCv)
  16 killer bees
  3 electric eels
  9 howler monkeys
  4 hounds
  8 jellies
  8 orc priests
  A gnoll bouda (D:5)
  4 iguanas
  Jessica (D:2)
  Ijyb (D:4)
  14 orc wizards
  A spriggan simulacrum (IceCv)
  A troll simulacrum (IceCv)
  A wolf simulacrum (IceCv)
  9 gnolls
  2 adders (D:3)
  A naga simulacrum (IceCv)
  A shadow imp (D:5)
  4 white imps
  2 ufetubi (IceCv)
  2 worms
  34 orcs
  5 ball pythons
  3 bats
  7 endoplasms
  A giant cockroach (D:2)
  2 goblins
  4 hobgoblins
  19 jackals
  6 kobolds
  2 quokkas
  4 frilled lizards
  6 rats
405 creatures vanquished.

Vanquished Creatures (others)
  8 fungi
  50 plants
58 creatures vanquished.

Grand Total: 463 creatures vanquished

Notes
Turn   | Place    | Note
-------+----------+-------------------------------------------
     0 | D:1      | ASSMAN the Merfolk Berserker began the quest for the Orb.
     0 | D:1      | Reached XP level 1. HP: 18/18 MP: 1/1
     2 | D:1      | Noticed a naga
     2 | D:1      | Noticed a troll
     4 | D:1      | Noticed an elf
     4 | D:1      | Noticed a minotaur
     6 | D:1      | Noticed an octopode
     6 | D:1      | Noticed a demigod
     8 | D:1      | Noticed a vine stalker
     8 | D:1      | Noticed a vampire
    10 | D:1      | Noticed a gargoyle
    10 | D:1      | Noticed a merfolk
    12 | D:1      | Noticed a human
    12 | D:1      | Noticed a meteoran
    14 | D:1      | Noticed a draconian
    16 | D:1      | Noticed an ogre
    18 | D:1      | Noticed a tengu
    20 | D:1      | Noticed a formicid
    20 | D:1      | Noticed a demonspawn
    22 | D:1      | Noticed a ghoul
    22 | D:1      | Noticed a spriggan
    24 | D:1      | Noticed a felid
    26 | D:1      | Noticed a tengu
    26 | D:1      | Noticed an elf
   136 | D:1      | Reached XP level 2. HP: 20/24 MP: 2/2
   178 | D:1      | Reached skill level 5 in Polearms
   571 | D:1      | Reached XP level 3. HP: 28/29 MP: 3/3
   597 | D:1      | Found a faded altar of an unknown god.
  1012 | D:2      | Reached ** piety under Trog
  1237 | D:2      | Noticed Jessica
  1244 | D:2      | Killed Jessica
  1245 | D:2      | Reached skill level 6 in Polearms
  1245 | D:2      | Reached XP level 4. HP: 35/35 MP: 4/4
  1463 | D:2      | Identified the +2 whip of Premature Burial {vamp, rElec
                  | rPois Will+}
  1718 | D:3      | Found a broken altar of Ashenzari.
  1772 | D:3      | Identified the +11 spear "Necvumenk" {elec, Stlth+}
  1844 | D:3      | Reached skill level 7 in Polearms
  2085 | D:3      | Reached XP level 5. HP: 41/41 MP: 5/5
  2087 | D:3      | Reached skill level 8 in Polearms
  2093 | D:3      | Reached XP level 6. HP: 9/47 MP: 6/6
  2098 | D:3      | Reached skill level 9 in Polearms
  2098 | D:3      | Reached *** piety under Trog
  2102 | D:3      | HP: 2/47 [poisoned by a kobold]
  2629 | D:4      | Noticed Ijyb
  2636 | D:4      | Killed Ijyb
  2763 | D:4      | Noticed a black bear
  2767 | D:4      | Killed a black bear
  2768 | D:4      | Reached skill level 10 in Polearms
  2996 | D:4      | Reached XP level 7. HP: 51/52 MP: 7/7
  3501 | D:5      | Entered Level 5 of the Dungeon
  3507 | D:5      | Found a transporter.
  3509 | D:5      | Noticed Hamu's ghost (novice GnWn)
  3653 | D:5      | Found a transporter.
  3658 | D:5      | Reached skill level 11 in Polearms
  3732 | D:5      | Found a snail-covered altar of Cheibriados.
  3994 | D:5      | Reached skill level 12 in Polearms
  3994 | D:5      | Reached XP level 8. HP: 53/58 MP: 8/8
  4057 | D:5      | Found Oshon's Antique Weapon Shoppe.
  4190 | D:6      | Reached skill level 13 in Polearms
  4325 | D:6      | Found an iron altar of Okawaru.
  4375 | D:6      | Noticed Sigmund
  4404 | D:6      | Killed Sigmund
  4467 | D:6      | Noticed a hornet
  4479 | D:6      | Killed a hornet
  4480 | D:6      | Reached skill level 14 in Polearms
  4669 | D:6      | Reached XP level 9. HP: 64/64 MP: 9/9
  4818 | D:6      | Found an ornate altar of the Wu Jian Council.
  4819 | D:6      | Found a glowing silver altar of Zin.
  4863 | D:7      | Reached skill level 15 in Polearms
  5052 | D:7      | Found Atuvafri's Armour Emporium.
  5056 | D:7      | Noticed Dowan
  5059 | D:7      | Noticed Duvessa
  5067 | D:7      | Reached skill level 16 in Polearms
  5075 | D:7      | Killed Dowan
  5079 | D:7      | Killed Duvessa
  5287 | D:7      | Reached **** piety under Trog
  5295 | D:7      | Reached skill level 17 in Polearms
  5353 | D:7      | Noticed Maggie
  5364 | D:7      | Killed Maggie
  5420 | D:7      | Reached XP level 10. HP: 46/70 MP: 10/10
  5665 | D:7      | Reached skill level 18 in Polearms
  5703 | D:7      | Found a staircase to the Ecumenical Temple.
  5934 | D:8      | Noticed a two-headed ogre
  5940 | D:8      | Killed a two-headed ogre
  6181 | D:8      | Found Quzuc's Antique Armour Emporium.
  6187 | D:8      | Bought a dazzling helmet for 342 gold pieces
  6187 | D:8      | Identified the +1 helmet "Qaunuah" {Rampage rPois Dex+2
                  | Stlth-} (You bought it in a shop on level 8 of the Dungeon)
  6201 | D:8      | Found a staircase to the Lair.
  6218 | D:8      | Reached skill level 19 in Polearms
  6396 | D:8      | Reached skill level 20 in Polearms
  6543 | D:8      | Noticed a two-headed ogre
  6550 | D:8      | Killed a two-headed ogre
  6709 | D:8      | Reached XP level 11. HP: 55/77 MP: 11/11
  7355 | D:9      | Noticed a soul eater
  7356 | D:9      | Noticed a sun demon
  7366 | D:9      | Reached skill level 5 in Fighting
  7366 | D:9      | Reached skill level 5 in Dodging
  7504 | D:9      | Found a shimmering altar of Xom.
  7843 | D:9      | Found a hazy altar of Hepliaklqana.
  7951 | D:9      | Found a shadowy altar of Dithmenos.
  8091 | D:9      | Noticed a two-headed ogre
  8098 | D:9      | Killed a two-headed ogre
  8395 | D:10     | Entered Level 10 of the Dungeon
  8440 | D:10     | You fall into a shaft and drop 3 floors!
  8495 | D:13     | Noticed Snorg
  8512 | D:13     | Killed Snorg
  8537 | D:13     | Found a frozen archway.
  8553 | IceCv    | Entered an ice cave
  9172 | IceCv    | Reached XP level 12. HP: 91/91 MP: 12/12
  9199 | IceCv    | Reached skill level 5 in Armour
  9572 | IceCv    | Noticed a reaper
  9583 | IceCv    | Killed a reaper
 10240 | D:13     | Noticed a centaur warrior
 10240 | D:13     | Noticed a two-headed ogre
 10241 | D:13     | Noticed a two-headed ogre
 10305 | D:13     | Noticed a boulder beetle
 10314 | D:13     | Killed a boulder beetle
 10315 | D:13     | Reached skill level 10 in Dodging
 10512 | D:12     | Noticed a boulder beetle
 10527 | D:12     | Killed a boulder beetle
 10639 | D:12     | Noticed a two-headed ogre
 10645 | D:12     | Killed a two-headed ogre
 10736 | D:12     | Found a staircase to the Orcish Mines.
 10767 | D:12     | Noticed a two-headed ogre
 11444 | D:11     | Noticed Erica
 11454 | D:11     | Killed Erica
 11455 | D:11     | Reached XP level 13. HP: 103/103 MP: 13/13
 11588 | D:11     | Reached skill level 10 in Fighting
 12727 | D:12     | Reached ***** piety under Trog
 13068 | D:12     | Identified the +1 leather armour of Objectivity {rN+}
 13572 | D:13     | Found a gate to the Vaults.
 13733 | Lair:1   | Entered Level 1 of the Lair of Beasts
 14143 | Lair:2   | Received a gift from Trog
 14504 | Lair:2   | Found a hole to the Spider Nest.
 15093 | Lair:2   | Found a staircase to the Swamp.
 16692 | Lair:4   | Reached XP level 14. HP: 114/114 MP: 4/14
 17191 | Lair:5   | Entered Level 5 of the Lair of Beasts
 17768 | Lair:5   | HP: 5/116 [blink frog (4)]
 17768 | Lair:5   | Slain by a catoblepas

Illustrated notes

Levels and vault maps discovered:
D:1:      kb_arrival_jail, layout_basic, hellmonk_ecumenical_altar_heavens_door,
          minmay_misc_feat_room
D:2:      layout_loops_cross, uniq_jessica
D:3:      layout_basic, nicolae_ashenzari_panopticon, kennysheep_generic_room_3
D:4:      layout_loops_corners, uniq_ijyb
D:5:      layout_loops_ring, mainiacjoe_overflow_small_starburst, serial_shops,
          nicolae_shop_overgrown_old_shop, gammafunk_ghost_arena,
          minmay_misc_feat_secret_circle
D:6:      layout_basic, okawaru_gym_becter, nicolae_overflow_hidden_temple,
          grunt_decor_mini_mirrors, uniq_sigmund
D:7:      layout_cave_pools, minmay_temple_entry_poolview, serial_shops, shop,
          uniq_duvessa, uniq_maggie
D:8:      layout_loops_ring, david_lair_shrubbed, serial_shops,
          nicolae_shop_overgrown_old_shop, hangedman_decor_lopped,
          nrook_pool_corridor
D:9:      layout_roguey, dk_xom_monty_hall,
          nicolae_dithmenos_through_a_glass_darkly, nzn_hepliaklqana_mist_gate,
          minivault_16, hangedman_misty_isle
D:10:     layout_stronghold
D:11:     layout_roguey, uniq_erica
D:12:     layout_stronghold, erik_orc_4
D:13:     layout_loops_ring, david_vaults_3, portal_ice_cave_rime, uniq_snorg
Lair:1:   kb_forest_paths, layout_gridlike, serial_forest,
          infiniplex_forest_lined_room_3, infiniplex_forest_corner_2,
          infiniplex_forest_clump_curved, infiniplex_forest_clump_small,
          infiniplex_forest_zigzag_1, infiniplex_forest_clump_double,
          beast_lair_carwin_1
Lair:2:   layout_cave_pods, nicolae_swamp_entry_splash_gauntlet,
          nicolae_spider_entry_orb_guardian, beast_lair_carwin_7
Lair:3:   layout_cave_shapes, infiniplex_staircase_pool, lemuel_fruit_tree
Lair:4:   layout_concentric_octagons, grunt_megastairs_4
Lair:5:   evilmike_catoblepas_cave, layout_cave_pods, dpeg_slime_entry_corner,
          grunt_megastairs_3, serial_bayou_shore_b

Skill      XL: |  1  2  3  4  5  6  7  8  9 10 11 12 13 14 |
---------------+-------------------------------------------+-----
Polearms       | 5 6 7 8 10 12 14 17 20 | 20.0
Fighting       | 4 7 9 11 12 | 12.6
Armour         | 2 4 6 8 |  8.8
Dodging        | 4 8 11 13 14 | 14.5

Action                     |  1- 3 |  4- 6 |  7- 9 | 10-12 | 13-15 || total
---------------------------+-------+-------+-------+-------+-------++-------
  Melee: Spear             |   103 |    70 |   158 |   473 |   219 ||  1023
         Punch             |       |       |     2 |     3 |     2 ||     7
         Glaive            |       |       |       |       |   249 ||   249
  Throw: Boomerang         |       |       |     1 |       |       ||     1
 Invoke: Berserk           |       |     2 |     6 |    24 |     7 ||    39
    Use: Scroll            |       |       |       |    15 |     9 ||    24
         Potion            |       |       |       |     1 |       ||     1
   Stab: Sleeping          |     5 |     5 |       |     1 |       ||    11
         Distracted        |       |       |       |     1 |       ||     1
         Petrified         |       |       |       |       |     2 ||     2
 Armour: Animal skin       |    13 |     4 |       |       |       ||    17
         Plate armour      |       |     3 |    36 |       |       ||    39
         Swamp dragon scal |       |       |     1 |    59 |   111 ||   171
  Dodge: Dodged            |    33 |     9 |    28 |   142 |   287 ||   499

Table legend: (Time is in decaauts)
 A = Elapsed time spent in this place.
 B = Non-inter-level travel time spent in this place.
 C = Inter-level travel time spent in this place.
 D = Time resting spent in this place.
 E = Time spent auto-exploring this place.
 F = Levels seen in this place.
 G = Mean time per level.
                   A        B        C        D        E       F      G
               +--------+--------+--------+--------+--------+-----+--------+
         Total |  17565 |  16761 |    804 |   3171 |  11552 |  19 |  924.5 |
       Dungeon |  12141 |  11466 |    675 |   1692 |   8424 |  13 |  933.9 |
          Lair |   3930 |   3802 |    128 |    589 |   2806 |   5 |  786.0 |
      Ice Cave |   1492 |   1492 |      0 |    889 |    321 |   1 | 1492.0 |
               +--------+--------+--------+--------+--------+-----+--------+

Top non-repeatable levels by time:
   IceCv: 1492 daAuts
  Lair:4: 1436 daAuts
     D:9: 1376 daAuts
    D:12: 1373 daAuts
  Lair:2: 1303 daAuts
    D:11: 1292 daAuts
     D:8: 1205 daAuts
     D:4: 980 daAuts
     D:1: 932 daAuts
     D:7: 863 daAuts
     D:3: 845 daAuts
     D:6: 835 daAuts
     D:2: 726 daAuts
    D:10: 703 daAuts
     D:5: 655 daAuts
